 Dungeon Crawl Stone Soup version 0.24-a0-183-g8902462 (console) character file.

Game seed: 5167057749984643320

101 Duffy the Skirmisher (level 4, -2/33 HPs)
             Began as an Octopode Transmuter on Mar 15, 2019.
             Killed from afar by Natasha (9 damage)
             ... with a magic dart
             ... on level 2 of the Dungeon.
             The game lasted 00:01:21 (1559 turns).

Duffy the Skirmisher (Octopode Transmuter)          Turns: 1559, Time: 00:01:22

Health: -2/33      AC:  2    Str:  9    XL:     4   Next: 75%
Magic:  4/7        EV: 19    Int: 16    God:
Gold:   51         SH:  3    Dex: 17    Spells: 1/7 levels left

rFire    . . .     SeeInvis .     - Unarmed
rCold    . . .     Gourm    .   (shield currently unavailable)
rNeg     . . .     Faith    .   (helmet currently unavailable)
rPois    x         Spirit   .   f - +3 amulet of reflection
rElec    .         Reflect  +   (no ring)
rCorr    .         Harm     .   (no ring)
MR       .....                  (no ring)
Stlth    ++........             (no ring)
HPRegen  0.11/turn              (no ring)
MPRegen  0.10/turn              (no ring)
                                (no ring)
                                (no ring)

@: spider-form (expiring), slowed, very slow
A: tiny, almost no armour, stealthy swim, (amphibious), 8 rings, (constrict 8)
a: End Transformation


You were on level 2 of the Dungeon.
You were not hungry.
You were a venomous arachnid creature.
You visited 1 branch of the dungeon, and saw 2 of its levels.

You collected 51 gold pieces.

Inventory:

Missiles
 a - 29 arrows
Jewellery
 f - a +3 amulet of reflection (around neck)
Scrolls
 h - a scroll of enchant armour {unknown}
Potions
 b - a potion of haste {unknown}
 d - 6 potions of curing {unknown}
 e - a potion of degeneration {unknown}
 g - a potion of might {unknown}
 i - a potion of flight {unknown}
 k - a potion of invisibility {unknown}
Comestibles
 c - 4 rations


   Skills:
 + Level 4.2 Fighting
 - Level 2.0 Dodging
 - Level 3.0 Unarmed Combat
 - Level 2.0 Spellcasting
 - Level 2.0 Transmutations
 - Level 1.3 Poison Magic


You had one spell level left.
You knew the following spells:

 Your Spells              Type           Power        Failure   Level  Hunger
h - Spider Form           Tmut/Pois      #.........   54%         3    ###....
j - Sticks to Snakes      Tmut           #.......     32%         2    ###....
k - Beastly Appendage     Tmut           #.....       22%         1    #......

Your spell library contained the following spells:

 Spells                   Type           Power        Failure   Level  Hunger
 Ice Form                 Ice/Tmut       #.......     92%         4    #####..
 Blade Hands              Tmut           #.........   98%         5    ######.


Dungeon Overview and Level Annotations

Branches:
Dungeon (2/15)

Altars:

Annotations:
D:2 Natasha


Innate Abilities, Weirdness & Mutations

You cannot wear most types of armour.
You are very stealthy in the water. (Stealth+)
((You are amphibious.))
You can wear up to eight rings at the same time.
((You can use your tentacles to constrict eight enemies at once.))
((Your skin changes colour to match your surroundings (Stealth+).))
((Your rubbery body absorbs attacks. (AC +1, EV +1)))


Message History

Natasha, Servant of Life and Death comes into view.
Cast which spell? (? or * to list)
You turn into a venomous arachnid creature.
Your transformation is almost over.
Unknown command.
Natasha casts a spell at you.
You feel yourself slow down.
You see here an adder skeleton.
You barely miss Natasha.
Natasha wildly gestures.
You feel disoriented. Natasha barely misses you. Natasha claws you.
You hit Natasha.
Natasha is poisoned.
Natasha is lightly wounded.
Natasha misses you.
You hit Natasha.
Natasha looks as sick as possible!
Natasha is moderately wounded.
Natasha stares at you and mumbles some strange words.
The magic dart hits you!
You die...

.......# #....#
#......#####......
.......%.........
................##
.................#####...
#........................
................#.#
.#..............#.# ###
##.#.#.....%....#s# ....
#...............#h##.....
..###.##......#.#........
.# #..#######.w..........
. .......$...............
....#########............
..## #............ ##
#............
#############


You could see Natasha.

Vanquished Creatures
  Natasha (twice) (D:2)
  3 adders
  3 worms
  A dart slug (D:2)
  A bat (D:2)
  A hobgoblin (D:2)
  2 jackals (D:1)
  4 kobolds
  2 rats (D:1)
19 creatures vanquished.

Notes
Turn   | Place    | Note
-------+----------+-------------------------------------------
     0 | D:1      | Duffy the Octopode Transmuter began the quest for the Orb.
     0 | D:1      | Reached XP level 1. HP: 13/13 MP: 3/3
   708 | D:1      | Reached skill level 2 in Fighting
   708 | D:1      | Reached XP level 2. HP: 9/20 MP: 5/5
  1066 | D:1      | Reached skill level 3 in Fighting
  1066 | D:1      | Reached XP level 3. HP: 26/26 MP: 6/6
  1070 | D:1      | Learned a level 2 spell: Sticks to Snakes
  1074 | D:1      | Learned a level 3 spell: Spider Form
  1137 | D:2      | Reached skill level 1 in Poison Magic
  1299 | D:2      | Noticed Natasha
  1324 | D:2      | Killed Natasha
  1324 | D:2      | Reached XP level 4. HP: 5/33 MP: 4/7
  1526 | D:2      | Noticed Natasha
  1540 | D:2      | Killed Natasha
  1540 | D:2      | Reached skill level 4 in Fighting
  1553 | D:2      | Noticed Natasha
  1559 | D:2      | Killed from afar by Natasha

Levels and vault maps discovered:
D:1:      sevenhm_arrival_forest_fort_large_4, layout_loops_ring
D:2:      kennysheep_the_goblin_king, layout_rooms, uniq_natasha, uniq_jessica

Skill      XL: |  1  2  3  4 |
---------------+-------------+-----
Fighting       | 2 3 4 |  4.2
Poison Magic   | 1 |  1.3
Dodging        | |  2.0
Unarmed Combat | |  3.0
Spellcasting   | |  2.0
Transmutations | |  2.0

Action                   |  1- 3 |  4- 6 || total
-------------------------+-------+-------++-------
Melee: Unarmed           |    68 |    14 ||    82
       Constrict         |    13 |       ||    13
       Tentacles         |     6 |       ||     6
       Punch             |     1 |       ||     1
 Cast: Spider Form       |     1 |     2 ||     3
 Stab: Sleeping          |     1 |       ||     1
  Eat: Chunk             |     1 |     1 ||     2
Armor: Skin              |     2 |       ||     2
Dodge: Dodged            |    47 |     8 ||    55
Block: Other             |     2 |     1 ||     3

Table legend:
 A = Non-vault XP
 B = Vault XP
 C = Vault XP percentage of total XP
 D = Non-vault monster count
 E = Vault monster count
 F = Vault count percentage of total count
                 A         B        C        D         E       F
            +---------+---------+-------+---------+---------+-------
      Total |     110 |      35 |  24.1 |      18 |       1 |   5.3
            +---------+---------+-------+---------+---------+-------
        D:1 |      40 |       0 |   0.0 |       9 |       0 |   0.0
        D:2 |      70 |      35 |  33.3 |       9 |       1 |  10.0
            +---------+---------+-------+---------+---------+-------
